 Dungeon Sprint DCSS version 0.19-a0-1107-gc676ff4 (webtiles) character file.

23399 Kidiri the Unseen (level 12, -30/57 HPs)
             Began as a Spriggan Enchanter on Aug 9, 2016.
             Was the Champion of Dithmenos.
             Killed from afar by Ilsuiw (61 damage)
             ... with a shard of ice
             ... in the Dungeon (Sprint III: "The Ten Rune Challenge").
             The game lasted 00:17:24 (2932 turns).

Kidiri the Unseen (Spriggan Enchanter)              Turns: 2932, Time: 00:17:25

Health: -30/57     AC:  7    Str:  6    XL:     12   Next: 71%
Magic:  21/32      EV: 34    Int: 20    God:    Dithmenos [******]
Gold:   21         SH:  0    Dex: 20    Spells: 8 memorised, 17 levels left

rFire  . . .     SeeInvis +     a - +1 dagger
rCold  . . .     Gourm    .     b - +1 robe
rNeg   . . .     Faith    .     (shield restricted)
rPois  .         Spirit   .     (helmet restricted)
rElec  .         Dismiss  .     k - +0 cloak
rCorr  .         Reflect  .     (gloves unavailable)
SustAt .         Harm     .     (boots unavailable)
MR     ++...     NoTele   +     (no amulet)
Stlth  ++++++++++               (no ring)
                                (no ring)

@: wreathed by umbra, very quick
A: unfitting armour, yellow scales 1, see invisible, agile 1, herbivore 3, speed
3, frail 1, shaggy fur 1, slow metabolism 2, strong 1, wild magic 1
a: Shadow Step, Shadow Form, Renounce Religion


You were in the Dungeon.
You worshipped Dithmenos.
Dithmenos was exalted by your worship.
You were not hungry.

You visited 1 branch You collected 21 gold pieces.

Inventory:

Hand Weapons
 a - a +1 dagger (weapon)
Armour
 b - a +1 robe (worn)
 k - a +0 cloak (worn)
Wands
 u - a wand of teleportation (8/9)
Scrolls
 j - a scroll of blinking
 o - 4 scrolls of remove curse
 r - a scroll of torment {unknown}
Potions
 c - a potion of berserk rage
 e - a potion of curing
 g - a potion of haste
 h - a potion of magic
 i - a potion of might
 p - 2 potions of cure mutation
 q - 4 potions of flight
 t - a potion of brilliance
Books
 l - a book of Conjurations

   Spells                             Type                      Level
   a - Magic Dart                     Conjuration                  1
   b - Searing Ray                    Conjuration                  2
   c - Dazzling Spray                 Conjuration/Hexes            3
   d - Fulminant Prism                Conjuration/Hexes            4
   e - Iskenderun's Mystic Blast      Conjuration                  4
   f - Iskenderun's Battlesphere      Conjuration/Charms           5
Comestibles
 d - 2 bread rations
 m - 6 fruits
 s - 25 royal jellies


   Skills:
 + Level 7.9 Fighting
 * Level 14.3 Short Blades
 + Level 7.2 Armour
 * Level 17.8 Dodging
 * Level 19.6 Stealth
 * Level 15.6 Spellcasting
 + Level 7.1 Conjurations
 + Level 11.7 Hexes
 + Level 7.8 Ice Magic
 - Level 3.4 Invocations


You had 17 spell levels left.
You knew the following spells:

 Your Spells              Type           Power        Failure   Level  Hunger
a - Corona                Hex            ######.      1%          1    None
b - Ensorcelled Hibernat  Hex/Ice        ######       1%          2    None
c - Confuse               Hex            ######..     1%          3    None
d - Tukima's Dance        Hex            ######..     1%          3    None
e - Dazzling Spray        Conj/Hex       ######       1%          3    None
f - Iskenderun's Battles  Conj/Chrm      #####...     38%         5    ###....
g - Fulminant Prism       Conj/Hex       ######....   1%          4    None
h - Iskenderun's Mystic   Conj           ######..     3%          4    None


Dungeon Overview and Level Annotations

Branches:
Dungeon (1/1)

Altars:
Cheibriados
Dithmenos
Elyvilon
Fedhas
Gozag
Hepliaklqana
Kikubaaqudgha
Makhleb
Nemelex Xobeh
Okawaru
Pakellas
Qazlal
Ru
Sif Muna
Trog
Uskayaw
Vehumet
Xom
Yredelemnul
Zin
The Shining One
Jiyva
Lugonu

Shops:
D ((%:

Annotations:
D Ilsuiw


Innate Abilities, Weirdness & Mutations

You are tiny and cannot use many weapons and most armour.
You have supernaturally acute eyesight. (SInv)
You are a herbivore.
You cover ground extremely quickly.
You need consume almost no food.
You are partially covered in yellow scales. (AC +2)
You are agile. (Dex +2)
You are frail. (-10% HP)
You are covered in fur. (AC +1)
Your muscles are strong. (Str +2)
Your spells are a little harder to cast, but a little more powerful.


Message History

Ilsuiw is severely wounded.
Ilsuiw hits you from afar with a trident of freezing!
Ilsuiw freezes you.
Casting: Dazzling Spray
Confirm with . or Enter, or press ? or * to list all spells.
Aiming: Dazzling Spray
Press: ? - help, Shift-Dir - straight line, f/p - Ilsuiw
Aim: Ilsuiw, wielding a trident of freezing and wearing a glowing robe (severely wounded, umbra)
The spray of energy hits Ilsuiw.
Ilsuiw is severely wounded.
Ilsuiw gestures at you while chanting. The shard of ice hits you!
Ouch! That really hurt!
* * * LOW HITPOINT WARNING * * *
You emit a cloud of dark smoke.
You feel much better. Ilsuiw gestures at you while chanting.
The shard of ice hits you!
Ouch! That really hurt!
You die...

▓≈≈≈≈≈≈≈≈≈≈≈≈▓#.♣♣
▓≈≈≈≈≈≈≈≈≈≈≈≈▓#♣.♣
▓≈≈≈..≈≈≈≈≈..▓ ♣.♣
▓≈≈..(.≈≈≈..S▓ ♣♣%
▓≈≈≈..≈≈≈≈≈..▓ ♣.♣
▓≈≈≈≈≈≈≈≈≈≈..▓ ♣.♣
▓§m§≈≈≈≈≈≈≈≈.▓ ♣..
▓§§≈≈≈≈≈≈≈≈≈≈▓ ♣♣.
▓@§§≈≈≈≈≈≈≈≈≈▓ ♣♣
▓§§§.≈≈≈≈≈≈≈.▓ ♣♣.
▓...≈≈≈≈≈≈≈.∩▓ ♣..
▓.≈≈≈≈≈≈≈≈ ♣..
▓≈≈≈≈≈≈≈≈≈ ♣.♣
▓φ≈≈≈≈≈≈≈≈ ♣♣♣
▓▓▓▓▓▓▓▓▓▓


You could see Ilsuiw.

Vanquished Creatures
  Rupert (D)
  Polyphemus (D)
  5 fire dragons (D)
  Erica (D)
  2 hydras (D)
  A centaur warrior (D)
  4 death yaks (D)
  Urug (D)
  An unseen horror (D)
  A death drake (D)
  A spriggan druid (D)
  A deep elf mage (D)
  A lindwurm (D)
  2 black mambas (D)
  2 spiny frogs (D)
  A rime drake (D)
  A komodo dragon (D)
  3 wandering mushrooms (D)
  8 blink frogs (D)
  A queen bee (D)
  2 giant leeches (D)
  2 spriggans (D)
  A shadow (D)
  3 redbacks (D)
  A spatial vortex (D)
  2 hell hounds (D)
  A swamp drake (D)
  A necrophage (D)
  2 centaurs (D)
  An earth elemental (D)
  A water elemental (D)
  32 killer bees (D)
  An electric eel (D)
  A jelly (D)
  Crazy Yiuf (D)
  Jessica (D)
  A necromancer (D)
  A wizard (D)
  3 sheep (D)
  3 humans (D)
  A kobold demonologist (D)
  3 rats (D)
104 creatures vanquished.

Vanquished Creatures (others)
  2 draconian scorchers (D)
  6 hellions (D)
  2 yaktaurs (D)
  4 plants (D)
14 creatures vanquished.

Grand Total: 118 creatures vanquished

Notes
Turn   | Place    | Note
-------+----------+-------------------------------------------
     0 | D        | Kidiri the Spriggan Enchanter began the quest for the Orb.
     0 | D        | Reached XP level 1. HP: 9/9 MP: 5/5
    26 | D        | Noticed Jessica
    30 | D        | Killed Jessica
    30 | D        | Reached skill level 1 in Fighting
    30 | D        | Reached skill level 1 in Armour
    30 | D        | Reached skill level 5 in Stealth
    30 | D        | Reached XP level 2. HP: 14/14 MP: 5/7
    34 | D        | Learned a level 2 spell: Ensorcelled Hibernation
    62 | D        | Noticed Crazy Yiuf
    73 | D        | Killed Crazy Yiuf
    73 | D        | Reached skill level 5 in Dodging
    73 | D        | Reached skill level 6 in Stealth
    73 | D        | Reached XP level 3. HP: 18/18 MP: 5/9
    78 | D        | Learned a level 3 spell: Confuse
    82 | D        | Learned a level 3 spell: Dazzling Spray
   117 | D        | Killed a hellion
   118 | D        | Reached skill level 1 in Ice Magic
   118 | D        | Reached XP level 4. HP: 18/22 MP: 4/11
   125 | D        | Killed a hellion
   126 | D        | Learned a level 3 spell: Tukima's Dance
   126 | D        | Killed a hellion
   138 | D        | Killed a hellion
   140 | D        | Killed a hellion
   146 | D        | Killed a hellion
   192 | D        | Gained mutation: You are agile. (Dex +2) [potion of mutation]
   192 | D        | Gained mutation: You are covered in fur. (AC +1) [potion of mutation]
   192 | D        | Gained mutation: Your spells are a little harder to cast, but a little more powerful. [potion of mutation]
   193 | D        | Gained mutation: You are frail. (-10% HP) [potion of mutation]
   193 | D        | Gained mutation: Your muscles are strong. (Str +2) [potion of mutation]
   193 | D        | Gained mutation: You are partially covered in yellow scales. (AC +2) [potion of mutation]
   200 | D        | Killed a yaktaur
   203 | D        | Noticed a water elemental
   205 | D        | Killed a water elemental
   205 | D        | Reached skill level 7 in Stealth
   205 | D        | Reached skill level 5 in Spellcasting
   205 | D        | Reached skill level 1 in Conjurations
   215 | D        | Noticed a shadow
   240 | D        | Killed a shadow
   240 | D        | Reached skill level 5 in Short Blades
   240 | D        | Reached skill level 9 in Stealth
   240 | D        | Reached skill level 5 in Hexes
   240 | D        | Reached XP level 5. HP: 24/24 MP: 10/15
   240 | D        | Reached XP level 6. HP: 28/28 MP: 10/16
   255 | D        | Killed a white draconian scorcher
   327 | D        | Killed a white draconian scorcher
   347 | D        | Found an oddly glowing altar of Pakellas.
   347 | D        | Found a stormy altar of Qazlal.
   348 | D        | Found a sacrificial altar of Ru.
   348 | D        | Found a burning altar of Makhleb.
   348 | D        | Found a viscous altar of Jiyva.
   348 | D        | Found a shimmering altar of Xom.
   348 | D        | Found a shadowy altar of Dithmenos.
   348 | D        | Found a sparkling altar of Nemelex Xobeh.
   348 | D        | Found a corrupted altar of Lugonu.
   348 | D        | Found an opulent altar of Gozag.
   348 | D        | Noticed a spatial vortex
   353 | D        | Became a worshipper of Dithmenos the Shadowed
   667 | D        | Killed a spatial vortex
   667 | D        | Reached skill level 10 in Stealth
   667 | D        | Reached skill level 1 in Invocations
   738 | D        | Found a hide-covered altar of Uskayaw.
   738 | D        | Found a radiant altar of Vehumet.
   739 | D        | Found a deep blue altar of Sif Muna.
   739 | D        | Found an ancient bone altar of Kikubaaqudgha.
   763 | D        | Learned a level 5 spell: Iskenderun's Battlesphere
   768 | D        | Found a glowing silver altar of Zin.
   769 | D        | Found a glowing golden altar of the Shining One.
   769 | D        | Found a white marble altar of Elyvilon.
   769 | D        | Noticed a deep elf mage
   774 | D        | Noticed a fire elemental
   778 | D        | Killed a deep elf mage
   778 | D        | Reached * piety under Dithmenos
   778 | D        | Reached skill level 10 in Dodging
   778 | D        | Reached skill level 11 in Stealth
   778 | D        | Reached XP level 7. HP: 22/32 MP: 5/20
   874 | D        | Found an iron altar of Okawaru.
   875 | D        | Found a hazy altar of Hepliaklqana.
   875 | D        | Found a bloodstained altar of Trog.
   875 | D        | Noticed a human
   875 | D        | Noticed a human
   877 | D        | Killed a human
   877 | D        | Reached XP level 8. HP: 37/37 MP: 21/21
   878 | D        | Reached ** piety under Dithmenos
   892 | D        | Found a snail-covered altar of Cheibriados.
   901 | D        | Found a basalt altar of Yredelemnul.
   901 | D        | Found a blossoming altar of Fedhas.
   915 | D        | Learned a level 4 spell: Fulminant Prism
   920 | D        | Learned a level 4 spell: Iskenderun's Mystic Blast
   931 | D        | Noticed Erica
   933 | D        | Killed Erica
   933 | D        | Reached skill level 12 in Stealth
   933 | D        | Reached skill level 10 in Spellcasting
   933 | D        | Reached XP level 9. HP: 41/41 MP: 7/24
  1073 | D        | Noticed a centaur warrior
  1079 | D        | Reached *** piety under Dithmenos
  1079 | D        | Reached skill level 13 in Stealth
  1093 | D        | Killed a centaur warrior
  1222 | D        | Noticed an unseen horror
  1224 | D        | Killed an unseen horror
  1224 | D        | Reached skill level 5 in Fighting
  1224 | D        | Reached skill level 14 in Stealth
  1241 | D        | Reached **** piety under Dithmenos
  1243 | D        | Reached skill level 10 in Short Blades
  1251 | D        | Noticed a queen bee
  1257 | D        | Reached ***** piety under Dithmenos
  1257 | D        | Reached skill level 5 in Ice Magic
  1350 | D        | Killed a queen bee
  1350 | D        | Reached XP level 10. HP: 45/45 MP: 11/26
  1458 | D        | Reached ****** piety under Dithmenos
  1458 | D        | Reached skill level 15 in Stealth
  1645 | D        | Reached skill level 5 in Armour
  1808 | D        | Noticed a spiny frog
  1808 | D        | Noticed a spiny frog
  1810 | D        | Killed a spiny frog
  1810 | D        | Reached skill level 5 in Conjurations
  1812 | D        | Killed a spiny frog
  1894 | D        | Reached skill level 16 in Stealth
  1950 | D        | Noticed a lindwurm
  1957 | D        | Killed a lindwurm
  1999 | D        | Reached XP level 11. HP: 50/50 MP: 28/28
  2000 | D        | Noticed Urug
  2002 | D        | Killed Urug
  2080 | D        | Noticed a seven-headed hydra
  2080 | D        | Noticed a five-headed hydra
  2101 | D        | Killed a seven-headed hydra
  2105 | D        | Killed a five-headed hydra
  2105 | D        | Reached skill level 15 in Dodging
  2105 | D        | Reached skill level 10 in Hexes
  2178 | D        | Noticed a death drake
  2180 | D        | Killed a death drake
  2180 | D        | Reached skill level 17 in Stealth
  2190 | D        | Found a blossoming altar of Fedhas.
  2190 | D        | Noticed a spriggan druid
  2192 | D        | Killed a spriggan druid
  2228 | D        | Noticed a fire dragon
  2234 | D        | Killed a fire dragon
  2270 | D        | Noticed a fire dragon
  2271 | D        | Killed a fire dragon
  2280 | D        | Noticed a fire dragon
  2284 | D        | Noticed a fire dragon
  2286 | D        | Found Xutaf's Antique Weapon Emporium.
  2286 | D        | Found Requbilo's Food Shop.
  2287 | D        | Killed a fire dragon
  2325 | D        | Killed a fire dragon
  2337 | D        | Noticed a fire dragon
  2350 | D        | Killed a fire dragon
  2350 | D        | Reached skill level 18 in Stealth
  2386 | D        | Found Mecsud's Book Shoppe.
  2456 | D        | Reached XP level 12. HP: 56/56 MP: 27/31
  2497 | D        | Noticed Rupert
  2502 | D        | Killed Rupert
  2523 | D        | Noticed a death yak
  2524 | D        | Noticed a death yak
  2525 | D        | Noticed an azure jelly
  2525 | D        | Noticed a death yak
  2525 | D        | Noticed an azure jelly
  2525 | D        | Noticed a death yak
  2526 | D        | Killed a death yak
  2527 | D        | Killed a death yak
  2527 | D        | Reached skill level 19 in Stealth
  2527 | D        | Reached skill level 15 in Spellcasting
  2536 | D        | Killed a death yak
  2787 | D        | Killed a death yak
  2857 | D        | Noticed Polyphemus
  2858 | D        | Noticed Ilsuiw
  2858 | D        | Found Dugif's Antique Weapon Shoppe.
  2859 | D        | Killed Polyphemus
  2932 | D        | Killed from afar by Ilsuiw

Vault maps used:
D:        dungeon_sprint_mu

Skill      XL: |  1  2  3  4  5  6  7  8  9 10 11 12 |
---------------+-------------------------------------+-----
Fighting       | 1 2 3 4 5 6 7 |  7.9
Short Blades   | 2 3 5 7 8 10 11 13 14 | 14.3
Armour         | 1 2 3 4 5 6 7 |  7.2
Dodging        | 4 5 8 10 11 12 14 16 17 | 17.8
Stealth        | 5 6 9 11 12 14 16 18 19 | 19.6
Spellcasting   | 3 4 6 8 10 11 12 14 15 | 15.6
Hexes          | 4 5 6 7 8 9 10 11 | 11.7
Ice Magic      | 1 2 3 4 5 7 |  7.8
Conjurations   | 1 2 3 4 5 6 7 |  7.1
Invocations    | 2 3 |  3.4

Action                   |  1- 3 |  4- 6 |  7- 9 | 10-12 || total
-------------------------+-------+-------+-------+-------++-------
Melee: Dagger            |    17 |    14 |    25 |    95 ||   151
 Cast: Ensorcelled Hiber |     2 |    10 |    17 |    61 ||    90
       Dazzling Spray    |     1 |    18 |    14 |    22 ||    55
Invok: Shadow Step       |       |       |       |    11 ||    11
  Use: Potion            |       |     3 |       |     2 ||     5
       Scroll            |       |     3 |       |       ||     3
 Stab: Sleeping          |     4 |     5 |    15 |    67 ||    91
       Invisible         |     1 |       |     2 |     6 ||     9
  Eat: Royal jelly       |       |       |       |     1 ||     1
Armor: Robe              |       |     1 |     2 |     2 ||     5
Dodge: Dodged            |     9 |    14 |    25 |    39 ||    87
